 Dungeon Crawl Stone Soup version 0.27-a0-1090-gb115f176c6 (webtiles) character file.

Game seed: 6097887232647351165

10 kae the Ducker (level 2, 22/22 HPs)
             Began as a Demonspawn Gladiator on Apr 27, 2021.
             Quit the game on level 1 of the Dungeon.
             The game lasted 00:00:16 (826 turns).

kae the Ducker (Demonspawn Gladiator)                Turns: 826, Time: 00:00:16

Health: 22/22      AC:  4    Str: 14    XL:     2   Next: 10%
Magic:  2/2        EV: 12    Int:  9    God:
Gold:   39         SH:  0    Dex: 14    Spells: 1/1 levels left

rFire    . . .     SeeInvis .     - Unarmed
rCold    . . .     Faith    .   (no shield)
rNeg     . . .     Spirit   .   a - +0 leather armour
rPois    .         Reflect  .   (helmet restricted)
rElec    .         Harm     .   (no cloak)
rCorr    .         Rampage  .   e - +0 pair of gloves
Will     .....                  (no boots)
Stlth    +.........             (no amulet)
HPRegen  0.07/turn              (no ring)
MPRegen  0.08/turn              (no ring)

@: no status effects
A: antennae 1
a: no special abilities


You were on level 1 of the Dungeon.
You visited 1 branch of the dungeon, and saw 1 of its levels.

You collected 39 gold pieces.

Inventory:

Missiles
 c - 3 throwing nets (quivered)
Armour
 a - a +0 leather armour (worn)
 b - a +0 helmet
 e - a +0 pair of gloves (worn)
Scrolls
 f - a scroll of fog {unknown}
 g - a scroll of fear {unknown}
Potions
 d - 2 potions of flight {unknown}
 h - a potion of resistance {unknown}


   Skills:
 + Level 2.3 Fighting
 - Level 1.7 Throwing
 + Level 2.9 Dodging
 + Level 2.9 Unarmed Combat


You had one spell level left.
You didn't know any spells.
Your spell library was empty.

Dungeon Overview and Level Annotations

Branches:
Dungeon (1/15)

Altars:


Innate Abilities, Weirdness & Mutations

You have a pair of small antennae on your head.


Message History

The ball python hisses angrily.
A ball python comes into view.
You hit the ball python.
The ball python is moderately wounded.
The ball python bites you but does no damage.
The ball python grabs you. The ball python constricts you.
The ball python loses its grip on you.
You hit the ball python.
You kill the ball python!
You hit the ball python.
The ball python is moderately wounded.
The ball python bites you. The ball python grabs you.
The ball python constricts you.
You hit the ball python but do no damage.
The ball python is moderately wounded.
The ball python closely misses you. The ball python constricts you.
You hit the ball python.
You kill the ball python!
No target in view!
No target in view!
No target in view!
No target in view!
No target in view!
You see here a ball python corpse.
g - a scroll labelled VUHAPL HUZIT
Found 19 arrows.
h - an amethyst potion You see here 19 arrows.
Found a stone staircase leading down.
You open the door.
There is an open door here.
d - 2 sedimented grey potions (gained 1)
You now have 39 gold pieces (gained 13).
Found 18 stones.
You open the door.
There is an open door here.
There is an open door here.
A kobold comes into view. It is wielding a +0 whip.
The kobold shouts!
Are you sure you want to abandon this character and quit the game? (Confirm with "yes".)

#.###..##.##..#..#
#.......##.#######
#..#..#..##...#...
#....###..########
#.#.####..........
#>.......####.....
###.#.######......
.########....####.......
.......@........'.......
.K########....###.......
##.#.# ##...... ###.#
##..... #.# ##.... #.#
#..## #.######..##
#.#.........
##....###..##


You could see a kobold.

Vanquished Creatures
  A bat (D:1)
  An endoplasm (D:1)
  A goblin (D:1)
  2 hobgoblins (D:1)
  2 ball pythons (D:1)
  A frilled lizard (D:1)
  A kobold (D:1)
9 creatures vanquished.

Notes
Turn   | Place    | Note
-------+----------+-------------------------------------------
     0 | D:1      | kae the Demonspawn Gladiator began the quest for the Orb.
     0 | D:1      | Reached XP level 1. HP: 16/16 MP: 1/1
   612 | D:1      | Gained mutation: You have a pair of small antennae on your
                  | head. [demonic ancestry]
   612 | D:1      | Reached XP level 2. HP: 22/22 MP: 2/2
   826 | D:1      | Quit the game

Illustrated notes

Levels and vault maps discovered:
D:1:      evilmike_arrival_rings, layout_loops_corners, roderic_serpentine_path

Action                   || total
-------------------------++-------
Melee: Unarmed           ||    27
 Stab: Sleeping          ||     1
Armor: Leather armour    ||     3
Dodge: Dodged            ||     9

Table legend: (Time is in decaauts)
 A = Elapsed time spent in this place.
 B = Non-inter-level travel time spent in this place.
 C = Inter-level travel time spent in this place.
 D = Time resting spent in this place.
 E = Time spent auto-exploring this place.
 F = Levels seen in this place.
 G = Mean time per level.
                   A        B        C        D        E       F      G
               +--------+--------+--------+--------+--------+-----+--------+
         Total |    824 |    794 |     30 |      0 |    739 |   1 |  824.0 |
       Dungeon |    824 |    794 |     30 |      0 |    739 |   1 |  824.0 |
               +--------+--------+--------+--------+--------+-----+--------+

Top non-repeatable levels by time:
     D:1: 824 daAuts
